Map: Kairos Junction LE

Players

DarwinAwdWnr

  • Race: Zerg Zerg
  • League: Platinum
  • Spawn Location: 5:00

IIIIIIIIIIII - Winner!

  • Race: Zerg Zerg
  • League: Platinum
  • Spawn Location: 11:00

VOD

Have the link to the VOD?

Description

Time

  • Played on: June 2, 2019, 10:59 p.m.
  • Length: 13:01
Show
View Real Time Build Order
Export as new Build Order

DarwinAwdWnr Zerg 

Build Orders: Hatch First, Zergling Baneling 

Get SALT Encoding   

  12  0:01  Drone  
  13  0:08  Drone  
  14  0:16  Overlord  
  14  0:35  Drone x2  
  16  0:49  Hatchery  
  15  0:55  Drone x2  
  17  1:01  Extractor  
  17  1:03  Drone  
  17  1:18  Spawning Pool  
  16  1:27  Drone x2  
  18  1:35  Drone  
  18  1:39  Overlord  
  19  1:50  Drone  
  20  2:04  Metabolic Boost  
  20  2:05  Queen  
  20  2:08  Drone x2  
  24  2:16  Queen  
  26  2:35  Drone x4  
  26  2:36  Spine Crawler  
  30  2:47  Baneling Nest  
  30  2:48  Zergling x8  
  33  3:03  Drone x2  
  35  3:18  Overlord x2  
  34  3:42  Zergling x2  
  34  3:43  Zergling x14  
  34  3:47  Zergling x6  
  42  3:54  Zergling x2  
  43  3:57  Zergling x2  
  43  4:01  Hatchery  
  43  4:05  Baneling x3  
  40  4:11  Zergling x2  
  40  4:12  Zergling x2  
  42  4:18  Zergling x2  
  42  4:19  Zergling x4  
  39  4:30  Zergling x10  
  43  4:33  Baneling  
  43  4:34  Baneling x2  
  43  4:42  Zergling x2  
  43  4:46  Overlord  
  43  4:47  Overlord  
  43  4:52  Baneling x2  
  35  5:00  Zergling x2  
  35  5:01  Zergling x6  
  35  5:04  Zergling x2  
  35  5:05  Zergling x2  
  38  5:17  Zergling x2  
  38  5:18  Zergling x6  
  35  5:30  Zergling x2  
  35  5:31  Zergling x6  
  38  5:36  Zergling x2, Spine Crawler  
  38  5:40  Baneling x3  
  34  5:44  Zergling x2  
  34  5:47  Zergling x2  
  33  5:58  Zergling x4  
  33  5:59  Zergling x4  
  37  6:07  Zergling x2  
  37  6:10  Zergling x8  
  41  6:12  Queen x2  
  40  6:25  Zergling x2  
  40  6:26  Zergling x8  
  45  6:36  Baneling  
  45  6:37  Baneling x3  
  45  6:39  Baneling x3  
  43  6:42  Zergling x2  
  43  6:43  Zergling x6  
  37  7:02  Baneling x3  
  37  7:03  Zergling x2  
  37  7:04  Zergling x10  
  43  7:14  Zergling x6  
  45  7:16  Zergling x2  
  45  7:22  Zergling x2  
  45  7:28  Zergling x2  
  45  7:29  Zergling x4  
  47  7:43  Zergling x8  
  46  7:46  Baneling  
  46  8:09  Zergling x2  
  46  8:10  Zergling x12  
  49  8:46  Zergling x2  
  49  8:47  Zergling x16  
  56  8:50  Zergling x2  
  53  9:00  Zergling x2  
  53  9:01  Zergling x2  
  49  9:11  Drone x4  
  49  9:13  Baneling  
  46  9:21  Drone x2  
  37  10:04  Zergling x20  
  37  10:05  Zergling x4  
  48  10:17  Zergling x6  
  49  10:24  Spine Crawler x2  
  34  10:50  Zergling x2  
  34  10:51  Zergling x12  
  34  11:02  Zergling x2  
  34  11:03  Zergling x8  
  34  11:19  Zergling x4  
  22  11:49  Zergling x2  
  22  11:50  Zergling x18  
  31  11:56  Zergling x2  
  32  12:03  Drone  
  32  12:04  Drone  
  32  12:30  Zergling x6  
  32  12:31  Zergling x12  
  41  12:40  Drone  
  42  12:49  Hatchery  
Show
View Real Time Build Order
Export as new Build Order

IIIIIIIIIIII Zerg - Winner!

Build Orders: Hatch First 

Get SALT Encoding   

  12  0:02  Drone  
  13  0:14  Overlord  
  13  0:17  Drone  
  14  0:33  Drone x2  
  16  0:52  Hatchery  
  16  0:54  Drone  
  16  0:56  Drone  
  17  1:00  Drone  
  18  1:08  Extractor  
  17  1:15  Spawning Pool  
  16  1:19  Drone  
  16  1:21  Drone  
  19  1:32  Drone  
  19  1:43  Drone  
  20  1:53  Drone  
  21  2:04  Queen x2  
  21  2:06  Zergling x2  
  21  2:07  Drone  
  27  2:12  Metabolic Boost  
  27  2:20  Overlord  
  27  2:28  Hatchery  
  26  2:34  Drone x2  
  28  2:44  Drone x3  
  31  2:56  Drone x3  
  34  2:59  Drone  
  35  3:07  Overlord, Baneling Nest  
  34  3:13  Zergling x4  
  34  3:17  Overlord  
  36  3:27  Evolution Chamber, Zergling x2  
  36  3:28  Evolution Chamber, Zergling x8  
  36  3:32  Zergling x2  
  40  3:43  Zergling x2  
  40  3:44  Zergling x10  
  46  3:52  Drone x4  
  50  3:56  Baneling x2  
  50  4:03  Drone x3  
  50  4:07  Zergling x4  
  52  4:19  Zergling x6  
  49  4:34  Zergling x2  
  49  4:35  Zergling x8  
  49  4:36  Baneling x4  
  54  4:45  Zergling x6  
  53  4:46  Zergling x6  
  53  4:52  Roach Warren, Queen, Extractor  
  53  5:02  Zergling x8  
  52  5:08  Baneling x2  
  52  5:10  Zergling x2  
  52  5:11  Zergling x4  
  54  5:17  Zergling x4  
  54  5:18  Zergling x4  
  57  5:21  Zergling x2  
  55  5:30  Zergling x2  
  55  5:31  Zergling x10  
  55  5:32  Baneling  
  55  5:44  Zergling x6  
  56  5:53  Zergling x4  
  56  5:54  Overlord  
  56  5:55  Baneling  
  57  6:02  Queen  
  57  6:04  Drone  
  54  6:20  Zergling x12  
  60  6:26  Drone x2  
  60  6:29  Lair  
  59  6:34  Zergling x18  
  65  6:45  Hatchery  
  63  6:48  Drone x3  
  63  6:50  Overlord x2  
  52  7:04  Drone x3, Zerg Missile Weapons Level 1  
  52  7:05  Drone x4  
  52  7:07  Baneling, Extractor  
  57  7:17  Zergling x14  
  57  7:20  Zergling x2  
  58  7:34  Zergling x2  
  58  7:35  Zergling x14  
  59  7:43  Glial Reconstitution  
  56  7:47  Baneling x2  
  56  7:48  Baneling x2  
  57  7:51  Zergling x10  
  61  8:12  Drone x3  
  63  8:13  Drone x3  
  63  8:17  Baneling x4  
  66  8:33  Roach x9  
  64  8:57  Roach x6  
  74  9:05  Drone x3  
  74  9:06  Drone x2  
  74  9:08  Baneling  
  74  9:09  Baneling  
  79  9:15  Roach  
  79  9:34  Overlord x7  
  79  9:37  Extractor  
  78  9:38  Extractor  
  78  9:42  Baneling  
  78  9:43  Baneling x2  
  77  9:50  Drone x4  
  71  10:06  Roach x3  
  74  10:14  Overlord x3  
  74  10:15  Overlord  
  74  10:17  Drone x2  
  75  10:27  Drone  
  75  10:28  Drone x2  
  78  10:33  Roach x3  
  80  10:48  Roach x3  
  83  10:54  Overseer  
  83  10:55  Ravager  
  82  10:59  Drone  
  82  11:00  Drone x5  
  82  11:02  Extractor  
  85  11:10  Drone x3  
  88  11:14  Hydralisk Den  
  88  11:18  Drone x4  
  91  11:21  Extractor  
  91  11:23  Extractor  
  89  11:30  Drone x4  
  85  11:34  Drone x2  
  85  11:36  Drone x2  
  87  11:48  Drone x3  
  87  11:49  Drone  
  90  11:55  Drone x2  
  90  12:01  Drone x2  
  94  12:08  Drone x3  
  97  12:10  Queen  
  97  12:11  Drone  
  97  12:14  Queen  
  97  12:15  Queen  
  102  12:21  Drone x3  
  102  12:22  Drone  
  108  12:30  Infestation Pit  
  108  12:35  Hydralisk  
  108  12:36  Hydralisk x3  
Tags
 
Add a new tag
Caveats
  • Supply blocks, unpowered buildings, or Contaminate may cause inaccurate times.
  • Supply counts are checked every 10 seconds.